 Dungeon Crawl Stone Soup version 0.29.0-5-ge4962eb29e (webtiles) character file.

Game seed: 7738360084247237710

375 coolguy4201 the Conjurer (level 6, -8/32 HPs)
             Began as a Deep Elf Conjurer on Aug 29, 2022.
             Killed from afar by an orc wizard (9 damage)
             ... with a puff of flame
             ... on level 4 of the Dungeon.
             The game lasted 00:11:20 (3372 turns).

coolguy4201 the Conjurer (Deep Elf Conjurer)        Turns: 3372, Time: 00:11:21

Health: -8/32      AC:  2    Str:  4    XL:     6   Next: 44%
Magic:  12/16      EV: 12    Int: 25    God:
Gold:   121        SH:  0    Dex: 13    Spells: 13/16 levels left

rFire   . . .      SeeInvis .   (no weapon)
rCold   . . .      Faith    .   (no shield)
rNeg    . . .      Spirit   .   a - +0 robe
rPois   .          Reflect  .   (no helmet)
rElec   .          Harm     .   (no cloak)
rCorr   .          Rampage  .   (no gloves)
Will    .....                   (no boots)
Stlth   ++........              (no amulet)
HPRegen 0.10/turn               (no ring)
MPRegen 0.15/turn               (no ring)

@: no status effects
A: no striking features
a: no special abilities


You were on level 4 of the Dungeon.
You visited 1 branch of the dungeon, and saw 4 of its levels.

You collected 121 gold pieces.

Inventory:

Armour
 a - a +0 robe (worn)
Jewellery
 f - a ring of fire
Scrolls
 h - a scroll of brand weapon
 l - a scroll of enchant weapon
 m - a scroll of identify
 n - a scroll of vulnerability {unknown}
Potions
 b - 2 potions of magic
 c - 2 potions of might
 d - a potion of invisibility {unknown}
 e - 2 potions of ambrosia {unknown}
 i - 4 potions of curing {unknown}
 j - a potion of brilliance {unknown}
 k - a potion of cancellation {unknown}


   Skills:
 + Level 0.1 Fighting
 + Level 3.0 Dodging
 + Level 3.3 Stealth
 + Level 5.6 Spellcasting
 + Level 7.0 Conjurations


You had 13 spell levels left.
You knew the following spells:

 Your Spells              Type           Power      Damage    Failure   Level
a - Magic Dart            Conj           100%       1d8       1%          1
b - Searing Ray           Conj           84%        2d7       1%          2

Your spell library contained the following spells:

 Spells                   Type           Power      Damage    Failure   Level
 Dazzling Flash           Conj/Hex       48%        N/A       5%          3
 Beastly Appendage        Tmut           14%        N/A       8%          1
 Wereblood                Tmut           7%         N/A       12%         2
 Fulminant Prism          Conj/Hex       12%        3d9       19%         4
 Iskenderun's Mystic Bla  Conj/Tloc      24%        2d7       19%         4
 Spider Form              Tmut/Pois      7%         N/A       24%         3


Dungeon Overview and Level Annotations

Branches:
Dungeon (4/15)
 Temple: D:4-7

Altars:
Lugonu

Portals:
Abyss: D:3

Annotations:
D:4 1 runed translucent door


Message History

Something hits you.
You completely miss something.
You hear some strange, mumbled words.
A magic dart appears from out of thin air!
The magic dart hits you. Something hits you.
You miss something. Your punch misses something.
Something hits you but does no damage. x2
You are too confused!
You're too confused to move!
You feel less confused. Something hits you. x2
You miss something. Something hits you. Something hits you but does no damage.
As you read the scroll of teleportation, it crumbles to dust.
You feel strangely unstable. Something hits you but does no damage.
Something hits you.
* * * LOW HITPOINT WARNING * * *
You are too injured to fight recklessly!
You miss something. Something hits you.
* * * LOW HITPOINT WARNING * * *
Something hits you.
* * * LOW HITPOINT WARNING * * *
There is a strange disturbance nearby!
There is a strange disturbance nearby!
There is a strange disturbance nearby!
There is a strange disturbance nearby!
There is a strange disturbance nearby!
There is a strange disturbance nearby!
You hit something but do no damage.
You hear some strange, mumbled words.
A magic dart appears from out of thin air!
The magic dart hits you.
* * * LOW HITPOINT WARNING * * *
Something hits you but does no damage.
You miss something.
Your surroundings seem slightly different.
Something tries to affect you, but you resist.
You open the door.
A puff of flame appears from out of thin air!
The puff of flame hits you!
You die...

#...#####.....'.........
#.#..#####.#.##.........
...##'#...#+#.#..........
#.#####.{.....#####.......#
# #...........# #+#...#'#
#.........##. #####..
+.........'.. #....
##.......# #.... #...@...#
#.... ####'#### +.... ...
#.... ..... #.... ....[..
#.... ......... ###..
........... #'#...#+#
###.......#####.......#
#..........


There were no monsters in sight!

Vanquished Creatures
  An ogre (D:4)
  A hound (D:3)
  2 orc priests
  2 orc wizards (D:3)
  An iguana (D:4)
  Robin (D:3)
  4 adders
  A worm (D:3)
  A dart slug (D:2)
  7 orcs
  7 ball pythons
  6 endoplasms
  A giant cockroach (D:1)
  10 goblins
  5 hobgoblins
  10 kobolds
  2 quokkas (D:1)
  4 bats (D:1)
  4 frilled lizards
  6 rats
76 creatures vanquished.

Notes
Turn   | Place    | Note
-------+----------+-------------------------------------------
     0 | D:1      | coolguy4201 the Deep Elf Conjurer began the quest for the
                  | Orb.
     0 | D:1      | Reached XP level 1. HP: 10/10 MP: 6/6
   452 | D:1      | Reached XP level 2. HP: 15/15 MP: 5/8
   556 | D:1      | Reached skill level 5 in Conjurations
  1225 | D:2      | Reached XP level 3. HP: 19/19 MP: 5/9
  1406 | D:2      | Found a faded altar of an unknown god.
  1730 | D:2      | Reached XP level 4. HP: 24/24 MP: 9/11
  2093 | D:2      | Learned a level 2 spell: Searing Ray
  2193 | D:3      | Reached skill level 6 in Conjurations
  2293 | D:3      | Noticed Robin
  2301 | D:3      | Reached XP level 5. HP: 28/28 MP: 7/13
  2304 | D:3      | Killed Robin
  2548 | D:3      | Reached skill level 5 in Spellcasting
  2776 | D:3      | Found a large runed translucent door.
  2777 | D:3      | Found a large runed translucent door.
  2782 | D:3      | Found a corrupted altar of Lugonu.
  2836 | D:3      | Found a one-way gate to the infinite horrors of the Abyss.
  3115 | D:4      | Noticed an ogre
  3128 | D:4      | Killed an ogre
  3128 | D:4      | Found a runed translucent door.
  3129 | D:4      | Reached XP level 6. HP: 22/32 MP: 8/16
  3289 | D:4      | Reached skill level 7 in Conjurations
  3369 | D:4      | HP: 1/32 [something/magic dart (4)]
  3372 | D:4      | Killed from afar by an orc wizard

Illustrated notes

Levels and vault maps discovered:
D:1:      grunt_arrival_crossed_arrows, layout_loops_corners,
          minmay_misc_feat_tiny, serial_bayou_pond_e,
          hangedman_abyss_or_decor_lesser_grid, st_stairs_4
D:2:      layout_basic, hellmonk_ecumenical_altar_crossroads
D:3:      due_chaos_kobolds, layout_basic, nicolae_overflow_hallway_of_the_gods,
          uniq_robin
D:4:      nicolae_cairo_tiling_very_big, layout_loops_cross,
          ebering_ghost_sewer_d, minmay_goblin_kobold_house

Skill      XL: |  1  2  3  4  5  6 |
---------------+-------------------+-----
Conjurations   | 5 6 7 |  7.0
Spellcasting   | 4 5 |  5.6
Dodging        | 3 |  3.0
Stealth        | 3 |  3.3
Fighting       | |  0.1

Action                   |  1- 3 |  4- 6 || total
-------------------------+-------+-------++-------
Melee: Unarmed           |       |     6 ||     6
 Cast: Magic Dart        |    64 |    10 ||    74
       Searing Ray       |       |    24 ||    24
  Use: Scroll            |     2 |     4 ||     6
Armor: Robe              |     1 |    13 ||    14
Dodge: Dodged            |     2 |    13 ||    15
